 Dungeon Crawl Stone Soup version 0.20.1-1-g8b1a95d (webtiles) character file.

1502 Folque the Conjurer (level 8, 0/53 HPs)
             Began as an Octopode Wizard on Nov 5, 2017.
             Was a Follower of Sif Muna.
             Slain by a bullfrog (7 damage)
             ... on level 6 of the Dungeon.
             The game lasted 00:26:20 (5883 turns).

Folque the Conjurer (Octopode Wizard)               Turns: 5883, Time: 00:26:30

Health: 0/53       AC:  3    Str:  7    XL:     8   Next: 82%
Magic:  13/16      EV: 13    Int: 22    God:    Sif Muna [*.....]
Gold:   299        SH:  0    Dex: 10    Spells: 10/18 levels left

rFire    + + .     SeeInvis .   p - +3 quarterstaff (chaos)
rCold    x . .     Gourm    +   (shield currently unavailable)
rNeg     . . .     Faith    .   z - +2 hat {MR+}
rPois    +         Spirit   .   v - amulet of the gourmand
rElec    .         Reflect  .   k - ring of protection from fire
rCorr    +         Harm     .   t - ring of resist corrosion
MR       +....                  m - ring of poison resistance
Stlth    +++.......             E - ring of fire
Regen    0.2/turn               (no ring)
MPRegen  0.2/turn               (no ring)
                                (no ring)
                                (no ring)

@: very slightly contaminated
A: almost no armour, stealthy swim, amphibious, 8 rings, constrict 8, camouflage
1, gelatinous body 1
a: Divine Energy, Renounce Religion


You were on level 6 of the Dungeon.
You worshipped Sif Muna.
Sif Muna was aware of your devotion.
You were completely stuffed.

You visited 2 branches of the dungeon, and saw 7 of its levels.

You collected 299 gold pieces.

Inventory:

Hand Weapons
 f - a +1 dagger of electrocution
 p - a +3 quarterstaff of chaos (weapon)
Missiles
 x - 10 tomahawks (quivered)
Armour
 a - a +0 hat
 z - a +2 hat of magic resistance (worn)
Jewellery
 k - a ring of protection from fire (left tentacle)
 m - a ring of poison resistance (on tentacle)
 t - a ring of resist corrosion (right tentacle)
 v - an amulet of the gourmand (around mantle)
 E - a ring of fire (on tentacle)
Wands
 D - a wand of polymorph (15/24)
Scrolls
 e - a scroll of noise {unknown}
 h - 2 scrolls of immolation
 j - a scroll of fog {unknown}
 l - a scroll of recharging
 o - 2 scrolls of magic mapping {unknown}
 y - a scroll of identify
 A - a scroll of remove curse
 B - 2 scrolls of enchant armour {unknown}
 C - 2 scrolls of teleportation {unknown}
Potions
 g - 2 potions of curing {unknown}
 i - a potion of berserk rage {unknown}
 n - 4 potions of might {unknown}
 r - 2 potions of heal wounds {unknown}
 s - a potion of haste {unknown}
 w - a potion of mutation {unknown}
Books
 b - a book of Minor Magic

   Spells                             Type                      Level
   a - Magic Dart                     Conjuration                  1
   b - Blink                          Translocation                2
   c - Call Imp                       Summoning                    2
   d - Slow                           Hexes                        2
   e - Conjure Flame                  Conjuration/Fire             3
   f - Mephitic Cloud                 Conjuration/Poison/Air       3
Comestibles
 c - 6 bread rations
 d - 3 meat rations
 q - 5 royal jellies
 u - 2 fruits


   Skills:
 - Level 3.6 Fighting
 - Level 1.0 Staves
 - Level 2.0 Dodging
 - Level 2.6 Stealth
 + Level 5.9 Spellcasting
 * Level 6.7 Conjurations
 + Level 3.2 Summonings
 - Level 1.0 Translocations
 - Level 3.1 Poison Magic


You had 10 spell levels left.
You knew the following spells:

 Your Spells              Type           Power        Failure   Level  Hunger
a - Magic Dart            Conj           ####         1%          1    None
b - Call Imp              Summ           ###.....     3%          2    None
c - Blink                 Tloc           N/A          9%          2    None
d - Mephitic Cloud        Conj/Pois/Air  ###.....     7%          3    #......


Dungeon Overview and Level Annotations

Branches:
Dungeon (6/15)             Temple (1/1) D:6

Altars:
Ashenzari
Dithmenos
Elyvilon
Fedhas
Hepliaklqana
Kikubaaqudgha
Makhleb
Nemelex Xobeh
Okawaru
Qazlal
Ru
Sif Muna
Trog
Uskayaw
Vehumet
Xom
Yredelemnul
Zin
The Shining One

Annotations:
D:6 1 exclusion, Menkaure


Innate Abilities, Weirdness & Mutations

You cannot wear most types of armour.
You are very stealthy in the water. (Stealth+)
You are amphibious.
You can wear up to eight rings at the same time.
You can use your tentacles to constrict eight enemies at once.
Your skin changes colour to match your surroundings (Stealth+).
Your rubbery body absorbs attacks. (AC +1, EV +1)


Message History

You closely miss the bullfrog. Your grab misses the bullfrog.
The bullfrog is severely wounded.
The bullfrog swells and bulges.
The bullfrog hits you.
You closely miss the bullfrog. Your grab misses the bullfrog.
The bullfrog is severely wounded.
The bullfrog closely misses you. The bullfrog barely misses you.
You hit the bullfrog. Your grab misses the bullfrog.
The bullfrog is almost dead.
The bullfrog hits you.
* * * LOW HITPOINT WARNING * * *
The bullfrog hits you.
* * * LOW HITPOINT WARNING * * *
Casting: Call Imp
Confirm with . or Enter, or press ? or * to list all spells.
You miscast Blink.
You are very lightly contaminated with residual magic.
The floor and the ceiling briefly switch places.
The bullfrog misses you. The bullfrog hits you!
You die...

#............).))(##..
#.#######'#######.##..
# #.# #([...
#####.##### #..)..
#...'.'...# #.))..
#.###.###.# #..... #.#
#.# #.# #)....
###F###.###'###.....
+..@..........'.....
###+###.###'###...##
#.# #.# #.### #.###.#
#.# +.'...# #.#
#.##### #.# #.# #.#
######'#######.####
....................


You could see a bullfrog.

Vanquished Creatures
  3 ogres
  A phantom (D:5)
  A centaur (D:5)
  2 big kobolds (D:6)
  3 bullfrogs (D:6)
  2 wights (D:6)
  2 crimson imps (D:5)
  2 hounds
  Crazy Yiuf (D:2)
  2 orc wizards
  An iguana (D:6)
  7 worker ants
  4 gnolls (D:6)
  A worker ant zombie (D:5)
  5 adders
  An adder zombie (D:5)
  3 dart slugs
  4 leopard geckos
  12 orcs
  7 giant cockroaches
  5 goblins
  3 hobgoblins
  6 kobolds
  2 quokkas
  2 ball pythons
  8 bats
  6 frilled lizards
  A jackal zombie (D:5)
  6 rats
  A fungus (D:2)
104 creatures vanquished.

Vanquished Creatures (collateral kills)
  An ogre (D:5)
  A jelly (D:6)
  A hound (D:6)
  An orc wizard (D:4)
  An adder (D:3)
  2 worms
  2 orcs
  A goblin (D:2)
  5 kobolds (D:6)
15 creatures vanquished.

Grand Total: 119 creatures vanquished

Notes
Turn   | Place    | Note
-------+----------+-------------------------------------------
     0 | D:1      | Folque the Octopode Wizard began the quest for the Orb.
     0 | D:1      | Reached XP level 1. HP: 11/11 MP: 4/4
   583 | D:1      | Reached skill level 1 in Fighting
   588 | D:1      | Reached XP level 2. HP: 18/18 MP: 3/6
   595 | D:1      | Learned a level 2 spell: Call Imp
   598 | D:1      | Learned a level 2 spell: Blink
  1291 | D:2      | Found a runed door.
  1295 | D:2      | Noticed Crazy Yiuf
  1321 | D:2      | Killed Crazy Yiuf
  1321 | D:2      | Reached XP level 3. HP: 14/25 MP: 0/7
  1568 | D:2      | Reached XP level 4. HP: 24/30 MP: 7/9
  1723 | D:2      | Found a basalt altar of Yredelemnul.
  2054 | D:3      | Found a glowing silver altar of Zin.
  2154 | D:3      | Found a white marble altar of Elyvilon.
  2156 | D:3      | Found a sparkling altar of Nemelex Xobeh.
  2156 | D:3      | Found a shimmering altar of Xom.
  2158 | D:3      | Found a blossoming altar of Fedhas.
  2158 | D:3      | Found a stormy altar of Qazlal.
  2158 | D:3      | Found a sacrificial altar of Ru.
  2425 | D:3      | Found a shattered altar of Ashenzari.
  2780 | D:4      | Noticed an ogre
  2787 | D:4      | Learned a level 3 spell: Mephitic Cloud
  2802 | D:4      | Killed an ogre
  2802 | D:4      | Reached XP level 5. HP: 36/36 MP: 1/10
  2830 | D:4      | Reached XP level 6. HP: 40/42 MP: 2/12
  2937 | D:4      | Reached skill level 2 in Conjurations
  3517 | D:4      | Reached skill level 1 in Staves
  3911 | D:5      | Entered Level 5 of the Dungeon
  3917 | D:5      | Reached skill level 3 in Conjurations
  3917 | D:5      | Reached XP level 7. HP: 42/46 MP: 10/13
  4244 | D:5      | Reached skill level 4 in Conjurations
  4292 | D:5      | Reached skill level 5 in Spellcasting
  4313 | D:5      | Reached skill level 5 in Conjurations
  4313 | D:5      | Reached XP level 8. HP: 51/53 MP: 8/15
  4319 | D:5      | Found a white marble altar of Elyvilon.
  4836 | D:6      | Found a staircase to the Ecumenical Temple.
  4852 | Temple   | Entered the Ecumenical Temple
  4892 | Temple   | Became a worshipper of Sif Muna the Loreminder
  4964 | D:6      | Noticed Menkaure
  5264 | D:6      | Reached skill level 6 in Conjurations
  5851 | D:6      | Reached * piety under Sif Muna
  5883 | D:6      | Slain by a bullfrog

Skill      XL: |  1  2  3  4  5  6  7  8 |
---------------+-------------------------+-----
Fighting       | 1 2 3 |  3.6
Poison Magic   | 2 3 |  3.1
Spellcasting   | 4 5 |  5.9
Conjurations   | 3 5 6 |  6.7
Staves         | 1 |  1.0
Summonings     | 3 |  3.2
Dodging        | |  2.0
Stealth        | |  2.6
Translocations | |  1.0

Action                   |  1- 3 |  4- 6 |  7- 9 || total
-------------------------+-------+-------+-------++-------
Melee: Unarmed           |    15 |       |       ||    15
       Dagger            |    36 |       |       ||    36
       Tentacles         |     9 |     8 |    12 ||    29
       Constrict         |     9 |    26 |    15 ||    50
       Quarterstaff      |    11 |   105 |    91 ||   207
 Cast: Magic Dart        |     7 |    14 |     7 ||    28
       Call Imp          |     3 |     9 |    26 ||    38
       Mephitic Cloud    |       |    10 |     8 ||    18
       Blink             |       |       |     1 ||     1
  Use: Scroll            |       |     5 |     1 ||     6
 Stab: Sleeping          |     4 |     9 |     4 ||    17
       Confused          |       |     5 |     2 ||     7
       Petrifying        |       |     2 |       ||     2
       Paralysed         |       |     1 |       ||     1
       Distracted        |       |     1 |       ||     1
  Eat: Chunk             |     2 |    24 |     6 ||    32
Armor: Skin              |     2 |     1 |     5 ||     8
Dodge: Dodged            |    32 |    46 |    39 ||   117
